 Dungeon Crawl Stone Soup version 0.25.0-10-g039870ee82 (webtiles) character file.

Game seed: 13463455429163820038

140 mopl the Sneak (level 5, 0/31 HPs)
             Began as an Octopode Enchanter on June 22, 2020.
             Killed from afar by an orc wizard (9 damage)
             ... with a magic dart
             ... on level 2 of the Dungeon.
             The game lasted 00:03:30 (2355 turns).

mopl the Sneak (Octopode Enchanter)                 Turns: 2355, Time: 00:03:30

Health: 0/31       AC:  1    Str:  7    XL:     5   Next: 22%
Magic:  9/9        EV: 13    Int: 19    God:
Gold:   136        SH:  3    Dex: 12    Spells: 1/10 levels left

rFire    . . .     SeeInvis .   a - +1 dagger
rCold    . . .     Gourm    .   j - +0 buckler
rNeg     . . .     Faith    .   (helmet restricted)
rPois    .         Spirit   .   (no amulet)
rElec    .         Reflect  .   (no ring)
rCorr    .         Harm     .   (no ring)
MR       .....                  (no ring)
Stlth    ++++......             (no ring)
HPRegen  0.10/turn              (no ring)
MPRegen  0.11/turn              (no ring)
                                (no ring)
                                (no ring)

@: no status effects
A: almost no armour, stealthy swim, amphibious, 8 rings, constrict 8, camouflage
1, gelatinous body 1
a: no special abilities


You were on level 2 of the Dungeon.
You were not hungry.

You visited 1 branch of the dungeon, and saw 3 of its levels.

You collected 136 gold pieces.

Inventory:

Hand Weapons
 a - a +1 dagger (weapon)
Armour
 j - a +0 buckler (worn)
Scrolls
 d - a scroll of enchant armour {unknown}
 g - 2 scrolls of teleportation
 h - 2 scrolls of remove curse
 i - a scroll of fog {unknown}
 l - 2 scrolls of blinking
 n - a scroll of identify {unknown}
Potions
 b - 2 potions of curing {unknown}
 e - 2 potions of might {unknown}
 f - a potion of stabbing {unknown}
 k - a potion of invisibility {unknown}
 o - a potion of brilliance {unknown}
Comestibles
 c - 6 rations
 m - a chunk of flesh


   Skills:
 - Level 1.0 Short Blades
 - Level 2.0 Dodging
 * Level 5.5 Stealth
 + Level 1.0 Shields
 * Level 3.0 Spellcasting
 * Level 3.9 Hexes
 + Level 0.9 Ice Magic


You had one spell level left.
You knew the following spells:

 Your Spells              Type           Power        Failure   Level  Hunger
a - Corona                Hex            ###....      4%          1    None
b - Ensorcelled Hibernat  Hex/Ice        ##....       12%         2    ##.....
d - Tukima's Dance        Hex            ###.....     13%         3    ###....
f - Dazzling Flash        Conj/Hex       ##....       30%         3    ###....

Your spell library contained the following spells:

 Spells                   Type           Power        Failure   Level  Hunger
 Confusing Touch          Hex            ###.....     13%         3    ###....


Dungeon Overview and Level Annotations

Branches:
Dungeon (3/15)

Altars:
Cheibriados
Ru


Innate Abilities, Weirdness & Mutations

You cannot wear most types of armour.
You are very stealthy in the water. (Stealth+)
You are amphibious.
You can wear up to eight rings at the same time.
You can use your tentacles to constrict eight enemies at once.
Your skin changes colour to match your surroundings (Stealth+).
Your rubbery body absorbs attacks. (AC +1, EV +1)


Message History

A mysterious force pulls you upwards. The hatch slams shut behind you.
Reactivating autopickup.
Unknown command.
You closely miss the orc. You grab the orc. You constrict the orc.
You hear some strange, mumbled words.
A puff of frost appears from out of thin air!
Deactivating autopickup; reactivate with Ctrl-A.
The puff of frost hits you! You block the orc's attack. Something hits you.
You hit the orc.
The orc is heavily wounded.
You constrict the orc. Something hits you. The orc hits you but does no damage.
You hit the orc.
You kill the orc!
Your Shields skill increases to level 1!
Something hits you.
* * * LOW HITPOINT WARNING * * *
You hear some strange, mumbled words.
A magic dart appears from out of thin air!
The magic dart hits you!
You die...

#.#####.....................(....
#..# ##...#.###..###.#########.#
#..# #...#.# #..###.#......##.#
...# #...#.# #......##.###.##.#
#..# #...#.# #...#####.# #.##.#
#..# #####.###...# #.###.##.#
#..# #.##....# #.##.....# #..#
#.##..{.# #.##..#### #..#
#.##.@..# #.##..# # #..#
#.##.)..# #.##..# # #..#
#.##....# #.##..#### #..###
###'###...# #......... [....###
#....##...# ###.#.#### #..#...#
#(...##...# #.#.# ..#[.#.#
#....##...# ####.#.# .#..#..#
#....##...# #.....<#
#..#...#####'###...####.##.#.#


There were no monsters in sight!

Vanquished Creatures
  A howler monkey (D:2)
  A gnoll (D:1)
  3 oozes
  4 dart slugs
  8 orcs
  A giant cockroach (D:1)
  4 goblins
  10 hobgoblins
  6 jackals (D:2)
  6 kobolds
  3 quokkas
  2 bats
  4 frilled lizards
  2 rats
55 creatures vanquished.

Notes
Turn   | Place    | Note
-------+----------+-------------------------------------------
     0 | D:1      | mopl the Octopode Enchanter began the quest for the Orb.
     0 | D:1      | Reached XP level 1. HP: 11/11 MP: 3/3
    15 | D:1      | Reached XP level 2. HP: 17/17 MP: 5/5
    19 | D:1      | Learned a level 2 spell: Ensorcelled Hibernation
   333 | D:1      | Reached XP level 3. HP: 16/21 MP: 6/6
   338 | D:1      | Learned a level 3 spell: Tukima's Dance
   976 | D:2      | Found a sacrificial altar of Ru.
   982 | D:2      | Reached skill level 5 in Stealth
   982 | D:2      | Reached XP level 4. HP: 27/27 MP: 6/8
  1661 | D:3      | Reached XP level 5. HP: 31/31 MP: 9/9
  1666 | D:3      | Learned a level 3 spell: Dazzling Flash
  1994 | D:3      | Found a snail-covered altar of Cheibriados.
  2355 | D:2      | Reached skill level 1 in Shields
  2355 | D:2      | Killed from afar by an orc wizard

Illustrated notes

Levels and vault maps discovered:
D:1:      dpeg_arrival_chambers_temple_mockup, layout_rooms
D:2:      layout_basic, nicolae_ru_awakened_eye, minmay_misc_feat_diagonals,
          dk_noncrumbling_3, grunt_ministairs_8, minmay_cut_off
D:3:      layout_loops_cross, minivault_25, kennysheep_slug_shrine

Skill      XL: |  1  2  3  4  5 |
---------------+----------------+-----
Stealth        | 5 |  5.5
Spellcasting   | 3 |  3.0
Shields        | 1 |  1.0
Short Blades   | |  1.0
Dodging        | |  2.0
Hexes          | |  3.9
Ice Magic      | |  0.9

Action                   |  1- 3 |  4- 6 || total
-------------------------+-------+-------++-------
Melee: Dagger            |    70 |    44 ||   114
       Constrict         |    12 |     5 ||    17
       Tentacles         |     9 |     4 ||    13
 Cast: Ensorcelled Hiber |       |     2 ||     2
       Corona            |       |     1 ||     1
  Use: Scroll            |       |     3 ||     3
 Stab: Sleeping          |    18 |    16 ||    34
  Eat: Chunk             |       |     5 ||     5
Armor: Skin              |     1 |     4 ||     5
Dodge: Dodged            |    28 |     9 ||    37
Block: Buckler           |       |     3 ||     3
